 Dungeon Crawl Stone Soup version 0.22-a0-110-g5b255cf (webtiles) character file.

14 4thArraOfDagon the Firebug (level 2, 0/19 HPs)
             Began as a Barachi Fire Elementalist on Jan 27, 2018.
             Slain by a scorpion (7 damage)
             ... on level 3 of the Dungeon.
             The game lasted 00:02:51 (507 turns).

4thArraOfDagon the Firebug (BaFE)                    Turns: 507, Time: 00:02:52

Health: 0/19       AC:  2    Str: 12    XL:     2   Next: 45%
Magic:  0/5        EV: 12    Int: 15    God:
Gold:   24         SH:  0    Dex: 12    Spells: 4/5 levels left

rFire    + . .     SeeInvis .   d - +0 whip
rCold    + . .     Gourm    .   (no shield)
rNeg     . . .     Faith    .   a - +0 robe
rPois    +         Spirit   .   (no helmet)
rElec    +         Reflect  .   (no cloak)
rCorr    +         Harm     .   (no gloves)
MR       .....                  (no boots)
Stlth    ++........             (no amulet)
HPRegen  0.06/turn              e - +3 ring of strength
MPRegen  0.09/turn              (no ring)

@: resistant, can't hop, slow
A: +LOS, swims, slowness 1, strong legs 1
a: Hop


You were on level 3 of the Dungeon.
You were not hungry.

You visited 1 branch of the dungeon, and saw 4 of its levels.

You collected 24 gold pieces.

Inventory:

Hand Weapons
 d - a +0 whip (weapon)
Armour
 a - a +0 robe (worn)
Jewellery
 e - a +3 ring of strength (left hand)
Scrolls
 i - a scroll of fog {unknown}
 j - a scroll of enchant armour {unknown}
Books
 b - a book of Flames

   Spells                             Type                      Level
   a - Flame Tongue                   Conjuration/Fire             1
   b - Throw Flame                    Conjuration/Fire             2
   c - Conjure Flame                  Conjuration/Fire             3
   d - Inner Flame                    Hexes/Fire                   3
   e - Sticky Flame                   Conjuration/Fire             4
   f - Fireball                       Conjuration/Fire             5
Comestibles
 c - 3 rations


   Skills:
 - Level 2.1 Dodging
 - Level 1.7 Stealth
 + Level 2.4 Spellcasting
 * Level 1.8 Conjurations
 * Level 3.6 Fire Magic


You had 4 spell levels left.
You knew the following spells:

 Your Spells              Type           Power        Failure   Level  Hunger
a - Flame Tongue          Conj/Fire      ##...        7%          1    #......


Dungeon Overview and Level Annotations

Branches:
Dungeon (4/15)             Temple (0/1) D:4

Altars:
Trog

Annotations:
D:2 Natasha
D:3 Grinder


Innate Abilities, Weirdness & Mutations

Shadows flee at your approach. (+LOS)
You can swim through water.
You cover ground slowly.
You can hop short distances.


Message History

Press: ? - help, Shift-Dir - straight line, f/p - scorpion
Aim: a scorpion (heavily wounded)
The flame tongue hits the scorpion.
The scorpion appears unharmed.
The scorpion is heavily wounded.
The scorpion completely misses you. The scorpion misses you.
The scorpion closely misses you.
Casting: Flame Tongue (safe; 7% risk of failure)
Confirm with . or Enter, or press ? or * to list all spells.
Aiming: Flame Tongue (safe; 7% risk of failure)
Press: ? - help, Shift-Dir - straight line, f/p - scorpion
Aim: a scorpion (heavily wounded)
The flame tongue hits the scorpion.
The scorpion is almost dead.
The scorpion closely misses you.
You feel a little less agile now.
Unknown command.
Unknown command.
The scorpion stings you!
You die...

*,* ##..#
#.#,,,,,, *,* #..#
#.#,,,,,,
****,***** #######
##># #.#,,,,,,
,,,,,*,,,* #.....#
### #.#,,,,,,
,*****,*,* #.###.#
#.#******
,,,,,,,,,* #.#
#.########.#
******,*** #.#
#........#.#
******,*
#.###.s#####.#.#
,,,,,,,*
#.#..@.#.....#s#
.5....(#
###.#.#.##.#...#.#
.......#
#...#.#.##.#####.#
....)?.#
#.###.#.##.......#
.......#
#.....#.##########
.......# #.......#
.......# #.#######
......####.#
......#....#


You could see a scorpion.

Vanquished Creatures
  An ooze (D:2)
  2 bats (D:2)
  A hobgoblin (D:2)
  A jackal (D:2)
  A kobold (D:2)
  A quokka (D:2)
  A frilled lizard (D:1)
  A goblin (D:2)
  2 rats
11 creatures vanquished.

Notes
Turn   | Place    | Note
-------+----------+-------------------------------------------
     0 | D:1      | 4thArraOfDagon the Barachi Fire Elementalist began the quest for the Orb.
     0 | D:1      | Reached XP level 1. HP: 13/13 MP: 3/3
   146 | D:2      | Reached XP level 2. HP: 10/19 MP: 0/5
   194 | D:2      | Found a bloodstained altar of Trog.
   292 | D:2      | Noticed Natasha
   387 | D:3      | Noticed Grinder
   461 | D:4      | Noticed a scorpion
   507 | D:3      | Slain by a scorpion

Vault maps used:
D:1:      lemuel_arrival_rhombus
D:2:      lemuel_crystal_altar, lemuel_round_altar, first_ration, uniq_natasha
D:3:      uniq_terence, uniq_robin, uniq_grinder
D:4:      marbit_many_paths, old_standard_altar, nicolae_overflow_hidden_temple,
          temple_green

Action                   || total
-------------------------++-------
Melee: Whip              ||     6
 Cast: Flame Tongue      ||    27
 Abil: Hop               ||     2
  Use: Scroll            ||     4
       Potion            ||     2
Armor: Robe              ||    18
Dodge: Dodged            ||    44

Table legend:
 A = Spawn XP
 B = Non-spawn XP
 C = Spawn XP percentage of total XP
 D = Spawn monster count
 E = Non-spawn monster count
 F = Spawn count percentage of total count
 G = Total turns spent on level
                    A         B        C        D         E        F      G
               +---------+---------+-------+---------+---------+-------+---------
         Total |       0 |      21 |   0.0 |       0 |      11 |   0.0 |   507
               +---------+---------+-------+---------+---------+-------+---------
           D:1 |       0 |       2 |   0.0 |       0 |       2 |   0.0 |    67
           D:2 |       0 |      19 |   0.0 |       0 |       9 |   0.0 |   241
               +---------+---------+-------+---------+---------+-------+---------
